AoeStats
← Rafaelbdoo

Arabia

504939761Analyzed
1v1 RM · 27d ago on Sep 7, 2026· 55m 26s· 2 players
Game mode
Random Map
Map size
Tiny (2 player)
Population
200
Speed
Normal
Resources
Standard
Victory
Conquest
Starting age
Dark Age
Ending age
Imperial Age
RankedLock teamsTeams togetherTeam positionsShared explorationLock speedFull tech treeHidden civsTurbo modeCheats
Victory
Defeat
🇲🇽 Byzantines · Mexico
894
+14
🇧🇷 Inca · Brazil
855
-35
Rafaelbdoo
10:12 Feudal Age
10:46 Double-Bit Axe
18:19 Forging
23:21 Castle Age
21:34 Gold Mining
22:11 Stone Mining
24:23 Wheelbarrow
24:19 Scale Mail Armor
24:49 Bow Saw
25:19 Gold Shaft Mining
25:09 Pikeman
28:05 Squires
28:47 Stone Shaft Mining
32:39 Iron Casting
31:56 Horse Collar
34:13 Champi Runner
36:02 Loom
38:22 Hand Cart
41:52 Heavy Plow
44:30 Imperial Age
44:24 Champi Warrior
44:32 Capped Ram
45:45 Crop Rotation
45:53 Hoardings
46:17 Chain Mail Armor
45:25 Halberdier
48:59 Conscription
50:48 Blast Furnace
50:19 Plate Mail Armor
49:39 Elite Skirmisher
50:17 Elite Kamayuk
52:19 Fabric Shields
darkcry7562
7:32 Loom
8:00 Loom
10:27 Feudal Age
11:18 Double-Bit Axe
13:34 Scale Barding Armor
18:31 Gold Mining
19:44 Wheelbarrow
21:33 Castle Age
19:58 Forging
20:05 Horse Collar
23:59 Bow Saw
27:47 Bow Saw
28:43 Fletching
28:53 Padded Archer Armor
29:14 Chain Barding Armor
29:29 Iron Casting
30:20 Bodkin Arrow
32:22 Ballistics
32:34 Hand Cart
32:20 Heavy Plow
37:20 Imperial Age
36:13 Gold Shaft Mining
35:28 Stone Mining
37:06 Treadmill Crane
37:24 Murder Holes
40:19 Chemistry
40:01 Elite Skirmisher
40:47 Thumb Ring
41:51 Two-Man Saw
41:29 Stone Shaft Mining
42:47 Conscription
41:49 Elite Cataphract
42:39 Logistica
43:25 Plate Barding Armor
42:51 Bracer
43:13 Leather Archer Armor
46:46 Crop Rotation
Connection lost

Rejoining the realm…

Still unreachable

The connection could not be restored.

Session expired

The server has moved on; the page needs a fresh start.